 Dungeon Crawl Stone Soup version bcrawl-1.17.3 (webtiles) character file.

Game seed: 17811805552487829504

61 Revguard the Charmwright (level 4, -3/37 HPs)
             Began as a Sand Dwarf Skald on Oct 25, 2019.
             Slain by a bullfrog skeleton (9 damage)
             ... on level 2 of the Dungeon.
             The game lasted 00:04:50 (2146 turns).

Revguard the Charmwright (Sand Dwarf Skald)         Turns: 2146, Time: 00:04:50

Health: -3/37      AC:  3    Str: 16    XL:     4   Next: 7%
Magic:  4/7        EV: 19    Int: 13    God:
Gold:   105        SH:  0    Dex: 16    Spells: 1/7 levels left

rFire    + . .     SeeInvis .   a - +1 mace
rCold    . . .     Gourm    .   (shield restricted)
rNeg     . . .     Faith    .   b - +0 leather armour
rPois    .         Spirit   .   (no helmet)
rElec    .         Reflect  .   (no cloak)
rCorr    .         Harm     .   (no gloves)
MR       .....                  (no boots)
Stlth    ++........             (no amulet)
HPRegen  0.12/turn              c - ring of protection from fire
MPRegen  0.10/turn              (no ring)

@: agile, very slightly contaminated, slow
A: small, slowness 1, armour attunement
a: no special abilities


You were on level 2 of the Dungeon.
You were hungry.

You visited 1 branch of the dungeon, and saw 2 of its levels.

You collected 105 gold pieces.

Inventory:

Hand Weapons
 a - a +1 mace (weapon)
Armour
 b - a +0 leather armour (worn)
Jewellery
 c - a ring of protection from fire (left hand)
Scrolls
 d - 3 scrolls of fear
 e - 2 scrolls of amnesia
 g - 4 scrolls of identify {unknown}
 h - a scroll of noise {unknown}
 i - a scroll of teleportation {unknown}
Comestibles
 f - 2 rations {!d}


   Skills:
 * Level 2.8 Fighting
 + Level 3.4 Maces & Flails
 * Level 2.6 Armour
 + Level 1.9 Dodging
 + Level 2.0 Spellcasting
 + Level 3.6 Charms


You had one spell level left.
You knew the following spells:

 Your Spells              Type           Power        Failure   Level  Hunger
a - Infusion              Chrm           ##......     5%          1    ##.....
b - Song of Slaying       Chrm           ##......     9%          2    ###....
c - Regeneration          Chrm/Necr      #.........   34%         3    ####...

Your spell library contained the following spells:

 Spells                   Type           Power        Failure   Level  Hunger
 Ozocubu's Armour         Chrm/Ice       #.......     34%         3    ####...
 Spectral Weapon          Hex/Chrm       #.......     34%         3    ####...


Dungeon Overview and Level Annotations

Branches:
Dungeon (2/12)

Altars:
Nemelex Xobeh


Innate Abilities, Weirdness & Mutations

You are small and have problems with some larger weapons.
You cover ground slowly.
Armour does not affect your spellcasting.


Message History

You are too injured to fight recklessly!
You are too injured to fight recklessly!
You are too injured to fight recklessly!
You are too injured to fight recklessly!
You are too injured to fight recklessly!
You are too injured to fight recklessly!
Sorry, you're not good enough to have a special ability.
There isn't anything here!
Casting: Song of Slaying (safe; 9% risk of failure)
Confirm with . or Enter, or press ? or * to list all spells.
You miscast Regeneration.
You are very lightly contaminated with residual magic.
Waves of light ripple over your body.
You are feeling hungry.
The bullfrog skeleton hits you!
* * * LOW HITPOINT WARNING * * *
It was a potion of agility.
You feel agile all of a sudden. The bullfrog skeleton hits you!
You die...

......#..#
#####...## ##.##
#.# #.# #.# # ##
##.## #
#...#####...### #
#..Z@...#...### #
#...#####...#...#
+ ## ##.####.#
######.####.#
..........##.#
.###
#########.##.#
...... #.†.##.#
#.#..### #.####.#
#..... #.# #.#


You could see a bullfrog skeleton.

Vanquished Creatures
  2 oozes
  A worm (D:2)
  5 leopard geckos
  A giant cockroach (D:1)
  3 goblins
  5 hobgoblins (D:1)
  3 jackals (D:2)
  8 kobolds
  A ball python (D:1)
  5 bats
  2 frilled lizards
  7 rats (D:1)
43 creatures vanquished.

Notes
Turn   | Place    | Note
-------+----------+-------------------------------------------
     0 | D:1      | Revguard the Sand Dwarf Skald began the quest for the Orb.
     0 | D:1      | Reached XP level 1. HP: 18/18 MP: 3/3
   116 | D:1      | Reached XP level 2. HP: 15/25 MP: 5/5
   152 | D:1      | Learned a level 2 spell: Song of Slaying
   516 | D:1      | Reached XP level 3. HP: 30/30 MP: 3/6
   559 | D:1      | Learned a level 3 spell: Regeneration
  1271 | D:2      | HP: 1/30 [worm (11)]
  1868 | D:2      | Reached XP level 4. HP: 37/37 MP: 7/7
  1871 | D:2      | Found a sparkling altar of Nemelex Xobeh.
  2146 | D:2      | Slain by a bullfrog skeleton

Skill      XL: |  1  2 |
---------------+-------+-----
Armour         | 2 |  2.6
Fighting       | |  2.8
Maces & Flails | |  3.4
Dodging        | |  1.9
Spellcasting   | |  2.0
Charms         | |  3.6

Action                   |  1- 3 |  4- 6 || total
-------------------------+-------+-------++-------
Melee: Mace              |   125 |     5 ||   130
 Cast: Song of Slaying   |     5 |       ||     5
       Regeneration      |     1 |       ||     1
       Infusion          |     1 |       ||     1
  Use: Scroll            |     3 |       ||     3
       Potion            |       |     1 ||     1
  Eat: Chunk             |     4 |     1 ||     5
Armor: Leather armour    |    28 |       ||    28
       Ring mail         |     2 |       ||     2
Dodge: Dodged            |   112 |     8 ||   120
